 Dungeon Crawl Stone Soup version 0.29-a0-550-g81e455f4c2 (webtiles) character file.

Game seed: 6410943567147919249

4421 Essalna the Insei (level 10, -16/87 (103) HPs)
             Began as a Purple Draconian Transmuter on June 5, 2022.
             Was a Believer of Makhleb.
             Demolished by a gnoll
             ... wielding a +2 halberd of electrocution
              (19 damage)
             ... in a bailey.
             The game lasted 00:19:00 (11817 turns).

Essalna the Insei (Purple Draconian Transmuter)    Turns: 11817, Time: 00:19:01

HP:   -16/87 (103)  AC:  8    Str: 12    XL:     10   Next: 14%
MP:   12/16         EV: 12    Int: 18    God:    Makhleb [**....]
Gold: 376           SH:  0    Dex: 12    Spells: 9/17 levels left

rFire   x . .      SeeInvis .     - Unarmed
rCold   + + +      Faith    .   (shield currently unavailable)
rNeg    . . .      Spirit   .   (body armour unavailable)
rPois   +          Reflect  .   (helmet currently unavailable)
rElec   .          Harm     .   (cloak currently unavailable)
rCorr   .          Rampage  .   (gloves currently unavailable)
Will    +....                   (boots currently unavailable)
Stlth   +.........              (no amulet)
HPRegen 0.24/turn               b - ring of wizardry
MPRegen 0.15/turn               y - +4 ring of slaying

@: ice-form, heavily drained
A: freezing attack, amphibious, boosted hp, (breathe power), AC +7, large,
unfitting armour, (cold-blooded)
a: End Transformation, Renounce Religion, Minor Destruction


You were in a bailey.
You worshipped Makhleb.
Makhleb was pleased with you.
You were a creature of crystalline ice.
You visited 2 branches of the dungeon, and saw 10 of its levels.
You also visited: Bailey.

You collected 376 gold pieces.

Inventory:

Armour
 h - a +0 pair of gloves (melded)
Magical Staves
 G - a staff of earth
Jewellery
 b - a ring of wizardry (left front paw)
 q - a +6 ring of intelligence
 s - a ring of poison resistance
 t - a ring of wizardry
 y - a +4 ring of slaying (right front paw)
 B - a ring of willpower
Wands
 j - a wand of iceblast (25)
 C - a wand of flame (31)
 D - a wand of polymorph (3)
Scrolls
 e - 12 scrolls of identify {unknown}
 f - 3 scrolls of noise
 g - a scroll of teleportation
 l - a scroll of immolation
 r - a scroll of fear
 v - a scroll of blinking
Potions
 a - a potion of lignification
 c - 3 potions of heal wounds {unknown}
 d - a potion of invisibility {unknown}
 i - 4 potions of might {unknown}
 k - 2 potions of ambrosia {unknown}
 m - 3 potions of attraction {unknown}
 n - 4 potions of haste {unknown}
 o - a potion of degeneration {unknown}
 p - a potion of cancellation {unknown}
 u - a potion of resistance {unknown}
 w - a potion of brilliance {unknown}
 x - 5 potions of curing
 z - 2 potions of mutation {unknown}
 F - 2 potions of berserk rage {unknown}


   Skills:
 + Level 7.2 Fighting
 + Level 6.2 Dodging
 + Level 7.3 Unarmed Combat
 - Level 4.0 Spellcasting
 + Level 6.9 Transmutations
 - Level 5.2 Ice Magic
 - Level 2.3 Poison Magic


You had 9 spell levels left.
You knew the following spells:

 Your Spells              Type           Power      Damage    Failure   Level
a - Beastly Appendage     Tmut           56%        N/A       1%          1
b - Spider Form           Tmut/Pois      20%        N/A       2%          3
c - Ice Form              Ice/Tmut       25%        N/A       4%          4

Your spell library contained the following spells:

 Spells                   Type           Power      Damage    Failure   Level
 Wereblood                Tmut           28%        N/A       1%          2
 Passwall                 Tmut/Erth      13%        N/A       2%          2
 Sandblast                Erth           6%         2d5       6%          1
 Static Discharge         Conj/Air       3%         N/A       9%          2
 Call Canine Familiar     Summ           3%         N/A       17%         3
 Portal Projectile        Hex/Tloc       6%         N/A       17%         3
 Stone Arrow              Conj/Erth      6%         3d7       17%         3
 Dispel Undead            Necr           3%         3d7       47%         4
 Leda's Liquefaction      Hex/Erth       1%         N/A       47%         4
 Sticky Flame             Conj/Fire      3%         2d3       47%         4


Dungeon Overview and Level Annotations

Branches:
Dungeon (9/15)             Temple (1/1) D:5          Bailey (1/1)
   Lair: D:8-11         Orc: D:9-12

Altars:
Ashenzari
Cheibriados
Dithmenos
Elyvilon
Fedhas
Gozag
Hepliaklqana
Kikubaaqudgha
Makhleb
Okawaru
Qazlal
Ru
Trog
Vehumet
Wu Jian
Xom
Yredelemnul
Zin

Shops:
D:3 :*[   D:4 [

Annotations:
D:2 1 runed translucent door, Crazy Yiuf


Innate Abilities, Weirdness & Mutations

You are a creature of crystalline ice.
You have a powerful freezing melee attack.
You are amphibious.
Your maximum health is increased.
Your armour is entirely melded.
You are incapable of wielding weapons or throwing items.
((You can breathe bolts of dispelling energy.))
((Your rich purple scales are hard. (AC +7)))
You cannot fit into any form of body armour.
((You are cold-blooded and may be slowed by cold attacks.))


Message History

Makhleb accepts your kill.
No target in view!
Things that are here:
a +0 trident; a +0 ring mail; an orc corpse
There is an open door here.
You open the door.
A gnoll comes into view.
It is wielding a +2 halberd of electrocution.
The gnoll shouts!
You hear a shout!
The gnoll barely misses you.
Something unseen opens the door.
A gnoll comes into view.
It is wielding a +2 halberd of electrocution.
The gnoll shouts!
The gnoll misses you.
There is an open door here.
You turn into a creature of crystalline ice.
Your +0 pair of gloves melds into your body.
The gnoll hits you with a +2 halberd of electrocution!
You are electrocuted!
The gnoll hits you from afar with a +2 halberd of electrocution!
You are electrocuted!
You are too injured to fight recklessly!
You are too injured to fight recklessly!
You are too injured to fight recklessly!
You completely miss the gnoll. You pummel the gnoll!! You freeze the gnoll!
You kill the gnoll!
Makhleb accepts your kill.
You feel better.
The gnoll hits you from afar with a +2 halberd of electrocution!
The gnoll hits you with a +2 halberd of electrocution!
* * * LOW HITPOINT WARNING * * *
You are electrocuted!
* * * LOW HITPOINT WARNING * * *
Things that are here:
a +2 halberd of electrocution; a gnoll corpse You punch the gnoll!
You freeze the gnoll.
The gnoll is severely wounded.
The gnoll hits you with a +2 halberd of electrocution.
* * * LOW HITPOINT WARNING * * *
You are electrocuted!!
You die...

### ### #####
#∩###)###Yg.#
##'##'##'###+
##.....##
###.....###
#)'..∩..')#
###.....###
##.....##
##'##'##'##
#.###)###)#


You could see a gnoll.

Vanquished Creatures
  Pikel (D:6)
  A kobold demonologist (D:7)
  Grinder (D:3)
  Prince Ribbit (D:7)
  A wyvern (D:8)
  Duvessa (D:7)
  A water moccasin (D:7)
  A black bear (D:7)
  4 centaurs
  2 ogres
  A phantom (D:6)
  A kobold brigand (D:8)
  4 bullfrogs
  A gnoll sergeant (D:6)
  3 necrophages
  6 scorpions
  5 wights
  Dowan (D:7)
  A howler monkey (D:5)
  4 jellies
  2 orc priests
  3 gnoll shamans
  3 hounds
  Jessica (D:3)
  6 iguanas
  2 orc wizards
  Natasha (thrice) (D:2)
  21 gnolls
  6 adders
  A shadow imp (D:7)
  2 white imps
  An ufetubus (D:7)
  2 worms (D:2)
  A dart slug (D:1)
  26 orcs
  10 endoplasms
  5 giant cockroaches
  11 goblins
  6 hobgoblins
  13 jackals
  11 kobolds
  4 quokkas
  11 ball pythons
  4 bats
  6 frilled lizards
  4 rats
206 creatures vanquished.

Notes
Turn   | Place    | Note
-------+----------+-------------------------------------------
     0 | D:1      | Essalna the Draconian Transmuter began the quest for the
                  | Orb.
     0 | D:1      | Reached XP level 1. HP: 16/16 MP: 3/3
     5 | D:1      | Found a faded altar of an unknown god.
   411 | D:1      | Reached XP level 2. HP: 23/23 MP: 3/5
   831 | D:1      | Reached XP level 3. HP: 28/29 MP: 4/6
   905 | D:1      | Learned a level 3 spell: Spider Form
  1537 | D:2      | Noticed Natasha
  1749 | D:2      | Killed Natasha
  1750 | D:2      | Reached XP level 4. HP: 21/37 MP: 5/7
  2187 | D:2      | Noticed Natasha
  2195 | D:2      | Killed Natasha
  2356 | D:2      | Noticed Natasha
  2376 | D:2      | Killed Natasha
  2377 | D:2      | Reached XP level 5. HP: 23/42 MP: 8/8
  2400 | D:2      | Learned a level 4 spell: Ice Form
  2626 | D:2      | Reached skill level 1 in Poison Magic
  2987 | D:2      | Found a runed translucent door.
  2988 | D:2      | Noticed Crazy Yiuf
  3257 | D:3      | Found Luinuwuo's Antique Armour Boutique.
  3257 | D:3      | Found Yvasauw's Assorted Antiques.
  3381 | D:3      | Noticed Grinder
  3386 | D:3      | Noticed Jessica
  3391 | D:3      | Killed Grinder
  3392 | D:3      | Reached skill level 1 in Ice Magic
  3392 | D:3      | Reached XP level 6. HP: 51/51 MP: 6/10
  3396 | D:3      | Killed Jessica
  3915 | D:3      | Your scales start taking on a rich purple colour.
  3915 | D:3      | Reached XP level 7. HP: 45/57 MP: 7/12
  4122 | D:3      | Identified the +1 scale mail of the Hot Ocelot {Int+4}
  4626 | D:3      | Found Jecoscha's Book Boutique.
  4844 | D:4      | Found Nedenn's Armour Boutique.
  5538 | D:4      | Reached XP level 8. HP: 66/66 MP: 5/14
  5914 | D:5      | Entered Level 5 of the Dungeon
  6053 | D:5      | Reached skill level 5 in Unarmed Combat
  6200 | D:5      | Found a staircase to the Ecumenical Temple.
  6235 | Temple   | Entered the Ecumenical Temple
  6401 | Temple   | Became a worshipper of Makhleb the Destroyer
  7016 | D:6      | Reached skill level 5 in Fighting
  7016 | D:6      | Reached skill level 5 in Transmutations
  7333 | D:6      | Noticed Pikel
  7342 | D:6      | Killed Pikel
  7343 | D:6      | Reached skill level 5 in Dodging
  7343 | D:6      | Reached XP level 9. HP: 52/75 MP: 7/15
  7482 | D:6      | Reached * piety under Makhleb
  8272 | D:7      | Noticed Prince Ribbit
  8278 | D:7      | Killed Prince Ribbit
  8424 | D:7      | Noticed a kobold demonologist
  8441 | D:7      | Noticed an ice devil
  8443 | D:7      | Noticed a hellwing
  8809 | D:7      | Reached skill level 5 in Ice Magic
  8901 | D:7      | Killed a kobold demonologist
  9302 | D:7      | Noticed Dowan
  9303 | D:7      | Noticed Duvessa
  9309 | D:7      | Killed Duvessa
  9315 | D:7      | Killed Dowan
 10260 | D:8      | Reached XP level 10. HP: 36/84 MP: 11/16
 10956 | D:8      | Found a white marble altar of Elyvilon.
 11383 | D:8      | Reached ** piety under Makhleb
 11659 | D:9      | Found a flagged portal.
 11675 | Bailey   | Entered a bailey
 11817 | Bailey   | HP: 3/87 [gnoll/+2 halberd of electrocution (5)]
 11817 | Bailey   | Demolished by a gnoll

Illustrated notes

Levels and vault maps discovered:
D:1:      psy_arrival_whirlpool, layout_loops_ring,
          hellmonk_ecumenical_altar_pennies_from_heaven, nrook_campfire
D:2:      layout_loops_ring, grunt_ministairs_6, grunt_decor_junction,
          uniq_crazy_yiuf_cottage, uniq_natasha
D:3:      layout_basic, serial_shops, shop_statue, shop,
          nicolae_shop_hallway_plus, minmay_divided_ellipse, uniq_grinder,
          uniq_jessica
D:4:      layout_loops_cross, serial_shops, kennysheep_mini_moat
D:5:      layout_basic, minmay_temple_entry_glassed_door
D:6:      layout_rooms, uniq_pikel
D:7:      layout_cave_pods, uniq_prince_ribbit1, uniq_duvessa
D:8:      layout_loops_corners, elyvilon_altar_5, dk_noncrumbling_4
D:9:      layout_stronghold, enter_bailey_5, grunt_decor_cap
Temple:   mainiacjoe_temple_hex_bubbles
Bailey:   bailey_polearm_nasty_gnolls, bailey

Skill      XL: |  1  2  3  4  5  6  7  8  9 10 |
---------------+-------------------------------+-----
Dodging        | 2 3 5 6 |  6.2
Fighting       | 2 3 4 5 6 7 |  7.2
Transmutations | 3 4 5 6 |  6.9
Poison Magic   | 1 2 |  2.3
Unarmed Combat | 4 6 7 |  7.3
Ice Magic      | 1 2 4 5 |  5.2
Spellcasting   | 3 4 |  4.0

Action                   |  1- 3 |  4- 6 |  7- 9 | 10-12 || total
-------------------------+-------+-------+-------+-------++-------
Melee: Unarmed           |   143 |   129 |   253 |    58 ||   583
       Kick              |    26 |    17 |     1 |     6 ||    50
       Headbutt          |    13 |    14 |       |     4 ||    31
       Tailslap          |    10 |    13 |     1 |     5 ||    29
       Punch             |     2 |     1 |     1 |     3 ||     7
 Cast: Beastly Appendage |    27 |    19 |     1 |     1 ||    48
       Spider Form       |       |     4 |       |       ||     4
       Ice Form          |       |     1 |    50 |     6 ||    57
Evoke: Wand              |       |       |       |     1 ||     1
  Use: Scroll            |       |       |     2 |     6 ||     8
 Stab: Sleeping          |       |       |       |     1 ||     1
Armor: Skin              |    39 |    23 |   116 |    20 ||   198
Dodge: Dodged            |    87 |    91 |   191 |    40 ||   409

Table legend: (Time is in decaauts)
 A = Elapsed time spent in this place.
 B = Non-inter-level travel time spent in this place.
 C = Inter-level travel time spent in this place.
 D = Time resting spent in this place.
 E = Time spent auto-exploring this place.
 F = Levels seen in this place.
 G = Mean time per level.
                   A        B        C        D        E       F      G
               +--------+--------+--------+--------+--------+-----+--------+
         Total |  11779 |  11309 |    470 |    881 |   8821 |  11 | 1070.8 |
       Dungeon |  11438 |  11001 |    437 |    881 |   8555 |   9 | 1270.9 |
        Temple |    200 |    167 |     33 |      0 |    155 |   1 |  200.0 |
        Bailey |    140 |    140 |      0 |      0 |    111 |   1 |  140.0 |
               +--------+--------+--------+--------+--------+-----+--------+

Top non-repeatable levels by time:
     D:7: 1749 daAuts
     D:2: 1697 daAuts
     D:8: 1670 daAuts
     D:1: 1640 daAuts
     D:5: 1395 daAuts
     D:3: 1392 daAuts
     D:4: 1170 daAuts
     D:6: 685 daAuts
  Temple: 200 daAuts
  Bailey: 140 daAuts
     D:9: 36 daAuts
